[ AOE2 MATCH · #466401915 ]
UnrankedItalians vs Wei
[ REPLAY ANALYSIS · EXTRACTED FROM THE RECORDED GAME ]
Feudal
15:51
Castle
19:45
Imperial
35:53
| APM avg | 24.5 |
| APM peak | 91 |
| eAPM avg | 17.7 |
| Villagers / military | 225 / 491 |
Focus
⚔️ 39.2% · 🌾 60.8%
Scout Cavalry ×186 · Archer ×178 · Skirmisher ×60 · Battering Ram ×31 · Bombard Cannon ×17 · Unknown (882) ×15
Feudal
14:35
Castle
25:48
Imperial
41:00
| APM avg | 14.7 |
| APM peak | 40 |
| eAPM avg | 9.8 |
| Villagers / military | 127 / 49 |
Focus
⚔️ 30.9% · 🌾 69.1%
Unknown (1949) ×105 · Trade Cart ×78 · Skirmisher ×35 · Unknown (1942) ×12 · Spearman ×5 · Petard ×3
Feudal
14:23
Castle
19:22
Imperial
37:00
| APM avg | 24.7 |
| APM peak | 43 |
| eAPM avg | 15.1 |
| Villagers / military | 182 / 365 |
Focus
⚔️ 39.6% · 🌾 60.4%
Skirmisher ×176 · Spearman ×162 · Knight ×15 · Trebuchet (Packed) ×8 · Chu Ko Nu ×2 · Scout Cavalry ×2
Feudal
14:37
Castle
18:54
Imperial
36:29
| APM avg | 22.1 |
| APM peak | 45 |
| eAPM avg | 17.8 |
| Villagers / military | 201 / 402 |
Focus
⚔️ 32.8% · 🌾 67.2%
Militia ×286 · War Wagon ×98 · Fire Lancer ×10 · Spearman ×5 · Trebuchet (Packed) ×2 · Iron Pagoda ×1
Feudal
15:55
Castle
22:51
Imperial
43:38
| APM avg | 17.2 |
| APM peak | 53 |
| eAPM avg | 13.0 |
| Villagers / military | 101 / 370 |
Focus
⚔️ 52.6% · 🌾 47.4%
Skirmisher ×134 · Boyar ×129 · Spearman ×105 · Trade Cart ×17 · Monk ×1 · Scout Cavalry ×1
Feudal
13:20
Castle
17:21
Imperial
34:21
| APM avg | 54.6 |
| APM peak | 145 |
| eAPM avg | 25.1 |
| Villagers / military | 149 / 383 |
Focus
⚔️ 29.9% · 🌾 70.1%
Scout Cavalry ×197 · Cavalry Archer ×106 · Hand Cannoneer ×67 · Bombard Cannon ×7 · Janissary ×4 · Monk ×2
Feudal
14:02
Castle
17:32
Imperial
31:00
| APM avg | 45.8 |
| APM peak | 88 |
| eAPM avg | 28.9 |
| Villagers / military | 186 / 792 |
Focus
⚔️ 50.2% · 🌾 49.8%
Spearman ×404 · Woad Raider ×191 · Scorpion ×76 · Militia ×59 · Battering Ram ×56 · Trade Cart ×24
Feudal
13:36
Castle
27:43
Imperial
60:34
| APM avg | 10.0 |
| APM peak | 29 |
| eAPM avg | 7.8 |
| Villagers / military | 87 / 154 |
Focus
⚔️ 41.6% · 🌾 58.4%
Skirmisher ×43 · Gbeto ×40 · Knight ×21 · Militia ×21 · Spearman ×18 · Archer ×9
Match map
Initial resources + every placement click. Lines = walls · curves = elevation contours. ◆ gold · ⬟ stone · ● berries · ✦ relic · ◌ wall gap
Your base· Open — unwalled flank
Rido's base· Open — unwalled flank
沉默的石頭's base· Open — unwalled flank
VN-Uniky's base· Open — 9t gap
poolio_eglasias's base· Open — unwalled flank
Koalajoey's base· Open — unwalled flank
一般般's base· Open — unwalled flank
12ww's base· Open — unwalled flank
Smoothed initial terrain · ◌ = detected wall gap · hover for details
Inputs per minute
— SuBZero - - Rido
Build order — SuBZero
First 150 of 703 actions detected
| 0:51 | Build | Town Center |
| 3:15 | Create | Villager (Male) |
| 3:15 | Create | Villager (Male) |
| 3:16 | Create | Villager (Male) |
| 3:16 | Create | Villager (Male) |
| 3:16 | Create | Villager (Male) |
| 4:10 | Build | House |
| 4:13 | Build | House |
| 4:39 | Build | House |
| 5:33 | Build | Mill |
| 5:36 | Create | Villager (Male) |
| 5:36 | Create | Villager (Male) |
| 5:36 | Create | Villager (Male) |
| 6:18 | Create | Villager (Male) |
| 6:18 | Create | Villager (Male) |
| 7:01 | Create | Villager (Male) |
| 7:01 | Create | Villager (Male) |
| 7:08 | Research | Loom |
| 7:37 | Create | Villager (Male) |
| 7:37 | Create | Villager (Male) |
| 7:37 | Create | Villager (Male) |
| 7:37 | Create | Villager (Male) |
| 7:47 | Build | House |
| 7:50 | Build | House |
| 9:03 | Create | Villager (Male) |
| 9:03 | Create | Villager (Male) |
| 9:19 | Create | Villager (Male) |
| 9:19 | Create | Villager (Male) |
| 9:33 | Create | Villager (Male) |
| 9:33 | Create | Villager (Male) |
| 9:39 | Create | Villager (Male) |
| 9:51 | Build | Lumber Camp |
| 9:59 | Create | Villager (Male) |
| 9:59 | Create | Villager (Male) |
| 10:28 | Create | Villager (Male) |
| 10:29 | Create | Villager (Male) |
| 11:21 | Build | Mill |
| 12:02 | Build | House |
| 12:04 | Build | House |
| 12:19 | Create | Villager (Male) |
| 12:24 | Create | Villager (Male) |
| 12:24 | Create | Villager (Male) |
| 12:24 | Create | Villager (Male) |
| 12:47 | Build | Mill |
| 13:30 | Research | Feudal Age |
| 13:31 | Research | Feudal Age |
| 13:39 | Build | Mining Camp |
| 15:31 | Build | Mill |
| 15:51 | Age | Feudal Age |
| 16:02 | Build | Market |
| 16:15 | Build | Blacksmith |
| 16:40 | Create | Villager (Male) |
| 16:46 | Build | Mill |
| 17:01 | Research | Castle Age |
| 17:01 | Research | Castle Age |
| 17:11 | Research | Double-Bit Axe |
| 17:44 | Research | Horse Collar |
| 18:05 | Create | Villager (Male) |
| 18:40 | Build | Palisade Wall |
| 18:43 | Build | Palisade Gate |
| 18:51 | Build | House |
| 18:56 | Build | House |
| 19:24 | Build | Palisade Wall |
| 19:29 | Build | Palisade Gate |
| 19:31 | Create | Villager (Male) |
| 19:31 | Create | Villager (Male) |
| 19:44 | Build | Palisade Wall |
| 19:45 | Age | Castle Age |
| 19:47 | Create | Villager (Male) |
| 19:59 | Build | Town Center |
| 20:09 | Research | Bow Saw |
| 20:40 | Create | Villager (Male) |
| 21:04 | Research | Heavy Plow |
| 21:28 | Build | Town Center |
| 21:39 | Create | Villager (Male) |
| 21:40 | Create | Villager (Male) |
| 21:50 | Create | Villager (Male) |
| 21:55 | Create | Villager (Male) |
| 22:03 | Build | Farm |
| 22:04 | Build | Farm |
| 22:08 | Build | Farm |
| 22:11 | Build | Farm |
| 22:13 | Create | Villager (Male) |
| 22:20 | Create | Villager (Male) |
| 22:35 | Build | Farm |
| 22:45 | Create | Villager (Male) |
| 22:45 | Create | Villager (Male) |
| 22:53 | Build | Farm |
| 23:02 | Build | Farm |
| 23:08 | Create | Villager (Male) |
| 23:17 | Build | Farm |
| 23:21 | Create | Villager (Male) |
| 23:21 | Create | Villager (Male) |
| 23:26 | Build | Farm |
| 23:33 | Build | Farm |
| 23:43 | Build | Farm |
| 23:50 | Build | Farm |
| 23:52 | Create | Villager (Male) |
| 23:52 | Create | Villager (Male) |
| 23:56 | Build | Farm |
| 24:06 | Build | Farm |
| 24:14 | Build | Farm |
| 24:14 | Build | Farm |
| 24:16 | Create | Villager (Male) |
| 24:18 | Create | Villager (Male) |
| 24:19 | Create | Villager (Male) |
| 24:24 | Build | Farm |
| 24:29 | Build | Farm |
| 24:34 | Build | Farm |
| 24:35 | Create | Villager (Male) |
| 24:35 | Create | Villager (Male) |
| 24:45 | Build | Farm |
| 24:46 | Create | Villager (Male) |
| 24:47 | Create | Villager (Male) |
| 25:03 | Create | Villager (Male) |
| 25:06 | Build | Farm |
| 25:07 | Create | Villager (Male) |
| 25:10 | Build | Farm |
| 25:18 | Build | Farm |
| 25:19 | Create | Villager (Male) |
| 25:25 | Build | Farm |
| 25:32 | Build | Farm |
| 25:33 | Create | Villager (Male) |
| 25:36 | Build | Farm |
| 25:38 | Create | Villager (Male) |
| 25:43 | Build | Farm |
| 25:44 | Create | Villager (Male) |
| 25:44 | Create | Villager (Male) |
| 25:44 | Create | Villager (Male) |
| 25:49 | Build | Farm |
| 25:50 | Create | Villager (Male) |
| 25:53 | Build | Farm |
| 25:54 | Create | Villager (Male) |
| 26:00 | Build | Farm |
| 26:01 | Create | Villager (Male) |
| 26:13 | Build | House |
| 26:16 | Build | House |
| 26:18 | Build | House |
| 26:21 | Build | House |
| 26:22 | Build | House |
| 26:24 | Create | Villager (Male) |
| 26:27 | Research | Wheelbarrow |
| 26:37 | Research | Heavy Plow |
| 26:43 | Create | Villager (Male) |
| 26:43 | Create | Villager (Male) |
| 26:48 | Create | Villager (Male) |
| 26:57 | Create | Villager (Male) |
| 27:06 | Research | Gold Mining |
| 27:08 | Create | Villager (Male) |
| 27:13 | Create | Villager (Male) |
Build order — Rido
First 150 of 386 actions detected
| 2:09 | Build | Town Center |
| 3:46 | Build | House |
| 4:08 | Create | Villager (Male) |
| 4:09 | Create | Villager (Male) |
| 4:10 | Research | Loom |
| 4:47 | Create | Villager (Male) |
| 4:47 | Create | Villager (Male) |
| 4:48 | Create | Villager (Male) |
| 4:54 | Build | House |
| 5:47 | Create | Villager (Male) |
| 6:51 | Create | Villager (Male) |
| 7:23 | Create | Villager (Male) |
| 7:36 | Create | Villager (Male) |
| 8:11 | Build | House |
| 8:14 | Create | Villager (Male) |
| 8:57 | Create | Villager (Male) |
| 8:58 | Create | Villager (Male) |
| 8:58 | Create | Villager (Male) |
| 8:58 | Create | Villager (Male) |
| 8:58 | Create | Villager (Male) |
| 9:22 | Build | Mill |
| 10:21 | Create | Villager (Male) |
| 10:21 | Create | Villager (Male) |
| 11:00 | Build | House |
| 11:25 | Create | Villager (Male) |
| 11:26 | Create | Villager (Male) |
| 11:40 | Build | Lumber Camp |
| 12:25 | Research | Feudal Age |
| 12:51 | Build | House |
| 12:57 | Build | House |
| 12:59 | Build | House |
| 13:01 | Build | House |
| 13:08 | Build | Palisade Gate |
| 13:32 | Build | Mining Camp |
| 14:35 | Age | Feudal Age |
| 14:37 | Research | Wheelbarrow |
| 14:41 | Research | Double-Bit Axe |
| 14:47 | Research | Horse Collar |
| 15:29 | Build | Market |
| 15:45 | Create | Villager (Male) |
| 16:20 | Build | Blacksmith |
| 16:49 | Create | Villager (Male) |
| 16:50 | Create | Villager (Male) |
| 16:54 | Build | Farm |
| 16:55 | Build | Farm |
| 17:05 | Build | Farm |
| 17:23 | Build | House |
| 17:24 | Build | House |
| 17:26 | Build | House |
| 17:42 | Create | Villager (Male) |
| 17:50 | Build | Farm |
| 17:54 | Build | Farm |
| 18:07 | Build | Farm |
| 18:17 | Build | Farm |
| 18:26 | Build | Farm |
| 18:34 | Create | Villager (Male) |
| 18:35 | Create | Villager (Male) |
| 18:43 | Build | House |
| 18:44 | Build | House |
| 18:46 | Build | House |
| 18:55 | Build | Farm |
| 19:02 | Build | Farm |
| 19:07 | Create | Villager (Male) |
| 19:12 | Build | Farm |
| 19:27 | Build | Farm |
| 19:41 | Create | Villager (Male) |
| 19:53 | Build | Farm |
| 20:11 | Build | Watch Tower |
| 20:15 | Research | Fletching |
| 20:38 | Create | Villager (Male) |
| 20:38 | Create | Villager (Male) |
| 20:39 | Create | Villager (Male) |
| 21:24 | Build | House |
| 21:25 | Build | House |
| 21:26 | Build | House |
| 21:44 | Build | Barracks |
| 21:53 | Build | Farm |
| 21:58 | Build | Farm |
| 22:06 | Build | Farm |
| 22:22 | Build | Stable |
| 22:33 | Build | Stone Wall |
| 22:43 | Create | Villager (Male) |
| 23:00 | Build | Mining Camp |
| 23:03 | Research | Castle Age |
| 23:19 | Build | Archery Range |
| 23:29 | Create | Spearman |
| 24:50 | Create | Skirmisher ×5 |
| 25:03 | Build | Watch Tower |
| 25:48 | Age | Castle Age |
| 25:55 | Research | Elite Skirmisher (upgrade) |
| 26:02 | Research | Hand Cart |
| 26:23 | Build | Town Center |
| 26:34 | Research | Bodkin Arrow |
| 26:39 | Research | Thumb Ring |
| 26:57 | Create | Villager (Male) |
| 26:57 | Create | Villager (Male) |
| 26:57 | Create | Villager (Male) |
| 26:58 | Create | Villager (Male) |
| 27:35 | Research | Heavy Plow |
| 27:58 | Create | Villager (Male) |
| 28:53 | Create | Villager (Male) ×5 |
| 29:02 | Build | University |
| 29:13 | Build | Monastery |
| 29:27 | Research | Padded Archer Armor |
| 29:44 | Create | Villager (Male) |
| 30:02 | Create | Skirmisher ×4 |
| 30:15 | Build | Farm |
| 30:22 | Create | Villager (Male) ×5 |
| 30:25 | Create | Villager (Male) ×5 |
| 30:43 | Build | Stone Wall |
| 30:49 | Build | Gate |
| 30:57 | Research | Leather Archer Armor |
| 31:00 | Create | Villager (Male) |
| 31:02 | Create | Villager (Male) |
| 31:09 | Build | Town Center |
| 31:15 | Create | Monk |
| 31:23 | Create | Villager (Male) |
| 31:57 | Build | Farm |
| 31:58 | Build | Farm |
| 32:00 | Build | Farm |
| 32:01 | Build | Farm |
| 32:03 | Build | Farm |
| 32:21 | Research | Pikeman (upgrade) |
| 32:21 | Create | Spearman |
| 32:28 | Create | Skirmisher ×3 |
| 32:41 | Create | Monk |
| 32:58 | Research | Guard Tower (upgrade) |
| 33:03 | Research | Scale Mail Armor |
| 33:03 | Research | Forging |
| 33:06 | Create | Villager (Male) |
| 33:14 | Build | Outpost |
| 33:24 | Create | Villager (Male) |
| 33:36 | Build | House |
| 33:50 | Create | Archer |
| 33:50 | Create | Archer |
| 33:54 | Create | Skirmisher |
| 33:54 | Create | Skirmisher |
| 33:55 | Create | Skirmisher |
| 33:58 | Create | Spearman |
| 33:59 | Create | Spearman |
| 34:05 | Research | Squires |
| 34:12 | Create | Spearman |
| 34:24 | Build | House |
| 34:27 | Build | Farm |
| 34:33 | Build | Farm |
| 34:34 | Build | Farm |
| 34:39 | Build | Mill |
| 34:40 | Build | Farm |
| 34:44 | Build | Farm |
| 34:51 | Build | Farm |
Build order — 沉默的石頭
First 150 of 573 actions detected
| 0:29 | Build | Town Center |
| 1:56 | Build | House |
| 2:00 | Build | House |
| 2:55 | Research | Loom |
| 4:20 | Create | Villager (Male) |
| 5:00 | Build | House |
| 5:08 | Build | Lumber Camp |
| 5:23 | Create | Villager (Male) |
| 5:23 | Create | Villager (Male) |
| 6:26 | Create | Villager (Male) |
| 6:26 | Create | Villager (Male) |
| 6:26 | Create | Villager (Male) |
| 7:17 | Create | Villager (Male) |
| 7:58 | Create | Villager (Male) |
| 8:04 | Create | Villager (Male) |
| 8:48 | Create | Villager (Male) |
| 8:54 | Create | Villager (Male) |
| 8:54 | Create | Villager (Male) |
| 8:58 | Build | Mill |
| 9:07 | Create | Villager (Male) |
| 9:07 | Create | Villager (Male) |
| 9:07 | Create | Villager (Male) |
| 9:33 | Create | Villager (Male) |
| 10:06 | Create | Villager (Male) |
| 10:06 | Create | Villager (Male) |
| 10:35 | Create | Villager (Male) |
| 10:35 | Create | Villager (Male) |
| 10:37 | Create | Villager (Male) |
| 10:51 | Build | Mill |
| 11:07 | Create | Villager (Male) |
| 11:12 | Create | Villager (Male) |
| 11:13 | Create | Villager (Male) |
| 11:19 | Create | Villager (Male) |
| 11:19 | Create | Villager (Male) |
| 11:26 | Create | Villager (Male) |
| 11:28 | Create | Villager (Male) |
| 11:59 | Build | Mining Camp |
| 12:13 | Research | Feudal Age |
| 13:33 | Build | Barracks |
| 14:09 | Create | Villager (Male) |
| 14:09 | Create | Villager (Male) |
| 14:23 | Age | Feudal Age |
| 14:40 | Build | Blacksmith |
| 15:29 | Build | Stone Wall |
| 15:43 | Build | Stable |
| 15:57 | Research | Town Watch |
| 16:00 | Create | Spearman |
| 16:21 | Build | Stone Wall |
| 16:23 | Build | Stone Wall |
| 16:42 | Research | Castle Age |
| 17:07 | Build | Stone Wall |
| 17:15 | Build | Stone Wall |
| 17:27 | Build | Farm |
| 17:29 | Build | Farm |
| 17:32 | Build | Farm |
| 17:37 | Build | Farm |
| 17:48 | Build | Farm |
| 18:05 | Build | Farm |
| 18:13 | Build | Farm |
| 18:23 | Create | Scout Cavalry |
| 18:34 | Build | Gate |
| 18:48 | Build | Stone Wall |
| 19:14 | Build | Farm |
| 19:22 | Age | Castle Age |
| 19:41 | Build | Town Center |
| 19:52 | Build | Stone Wall |
| 20:11 | Research | Double-Bit Axe |
| 20:31 | Build | Gate |
| 20:32 | Create | Villager (Male) |
| 20:37 | Build | Farm |
| 20:40 | Build | Farm |
| 20:55 | Create | Villager (Male) |
| 21:30 | Create | Villager (Male) |
| 21:34 | Research | Bow Saw |
| 21:49 | Create | Villager (Male) |
| 21:55 | Build | Stone Wall |
| 21:59 | Create | Villager (Male) |
| 22:09 | Build | Stone Wall |
| 22:13 | Create | Villager (Male) |
| 22:16 | Create | Villager (Male) |
| 22:22 | Build | Farm |
| 22:36 | Research | Horse Collar |
| 22:44 | Create | Villager (Male) |
| 22:55 | Create | Villager (Male) |
| 23:08 | Build | Farm |
| 23:11 | Build | Farm |
| 23:13 | Create | Villager (Male) |
| 23:23 | Build | Stone Wall |
| 23:25 | Build | House |
| 23:26 | Build | House |
| 23:30 | Build | Stone Wall |
| 23:40 | Create | Villager (Male) |
| 23:43 | Create | Villager (Male) |
| 23:46 | Build | Farm |
| 23:51 | Build | Farm |
| 23:55 | Build | Farm |
| 23:55 | Build | Farm |
| 23:58 | Create | Villager (Male) |
| 24:00 | Create | Villager (Male) |
| 24:07 | Create | Knight |
| 24:14 | Create | Villager (Male) |
| 24:23 | Build | House |
| 24:24 | Build | House |
| 24:29 | Create | Villager (Male) |
| 24:40 | Create | Scout Cavalry |
| 24:52 | Create | Villager (Male) |
| 24:57 | Create | Villager (Male) |
| 25:14 | Create | Villager (Male) |
| 25:25 | Create | Villager (Male) |
| 25:33 | Build | Town Center |
| 25:38 | Build | House |
| 25:40 | Build | House |
| 25:41 | Build | House |
| 25:47 | Build | Stone Wall |
| 25:49 | Create | Villager (Male) |
| 25:51 | Create | Villager (Male) |
| 25:54 | Build | Farm |
| 26:08 | Create | Villager (Male) |
| 26:14 | Build | Farm |
| 26:23 | Create | Villager (Male) |
| 26:27 | Build | Lumber Camp |
| 26:32 | Create | Villager (Male) |
| 26:45 | Create | Villager (Male) |
| 26:53 | Build | Farm |
| 26:55 | Create | Villager (Male) |
| 27:00 | Create | Villager (Male) |
| 27:10 | Create | Villager (Male) |
| 27:11 | Create | Villager (Male) |
| 27:25 | Create | Villager (Male) |
| 27:40 | Build | Town Center |
| 27:45 | Build | Farm |
| 27:48 | Create | Villager (Male) |
| 27:49 | Create | Villager (Male) |
| 27:50 | Create | Villager (Male) |
| 28:01 | Create | Villager (Male) |
| 28:15 | Create | Villager (Male) |
| 28:20 | Create | Villager (Male) |
| 28:21 | Create | Villager (Male) |
| 28:41 | Build | Castle |
| 28:48 | Create | Villager (Male) |
| 28:49 | Create | Villager (Male) |
| 28:51 | Create | Villager (Male) |
| 28:54 | Build | Farm |
| 28:55 | Build | Farm |
| 28:58 | Build | Farm |
| 28:59 | Create | Villager (Male) |
| 29:00 | Create | Villager (Male) |
| 29:11 | Create | Villager (Male) |
| 29:15 | Build | Farm |
| 29:16 | Build | Farm |
Build order — VN-Uniky
First 150 of 700 actions detected
| 0:02 | Build | Town Center |
| 2:18 | Build | House |
| 2:39 | Create | Villager (Male) |
| 2:39 | Create | Villager (Male) |
| 2:39 | Create | Villager (Male) |
| 2:39 | Create | Villager (Male) |
| 3:36 | Research | Loom |
| 4:25 | Build | House |
| 4:35 | Create | Villager (Male) |
| 4:35 | Create | Villager (Male) |
| 4:45 | Build | House |
| 4:59 | Create | Villager (Male) |
| 5:58 | Create | Villager (Male) |
| 5:58 | Create | Villager (Male) |
| 5:58 | Create | Villager (Male) |
| 5:58 | Create | Villager (Male) |
| 6:11 | Build | House |
| 7:02 | Build | Palisade Gate |
| 7:06 | Build | House |
| 7:27 | Create | Villager (Male) |
| 7:27 | Create | Villager (Male) |
| 7:27 | Create | Villager (Male) |
| 7:27 | Create | Villager (Male) |
| 7:28 | Create | Villager (Male) |
| 8:29 | Build | Palisade Wall |
| 8:42 | Create | Villager (Male) |
| 8:43 | Create | Villager (Male) |
| 8:43 | Create | Villager (Male) |
| 8:44 | Create | Villager (Male) |
| 9:41 | Build | House |
| 9:44 | Create | Villager (Male) |
| 10:12 | Build | Mill |
| 10:17 | Build | House |
| 10:27 | Build | Lumber Camp |
| 10:31 | Create | Villager (Male) |
| 10:33 | Create | Villager (Male) |
| 10:35 | Create | Villager (Male) |
| 10:50 | Build | Palisade Wall |
| 11:22 | Create | Villager (Male) |
| 11:40 | Research | Feudal Age |
| 11:45 | Build | Mining Camp |
| 12:29 | Build | Palisade Wall |
| 13:26 | Build | House |
| 14:01 | Build | Mill |
| 14:23 | Build | Barracks |
| 14:36 | Create | Villager (Male) |
| 14:37 | Create | Villager (Male) |
| 14:37 | Age | Feudal Age |
| 14:38 | Create | Villager (Male) |
| 14:45 | Build | Market |
| 15:26 | Build | Blacksmith |
| 16:14 | Research | Castle Age |
| 16:28 | Build | Mining Camp |
| 16:32 | Create | Spearman |
| 17:27 | Create | Spearman |
| 17:30 | Research | Double-Bit Axe |
| 17:44 | Create | Spearman |
| 18:16 | Create | Spearman |
| 18:20 | Research | Stone Mining |
| 18:36 | Create | Spearman |
| 18:54 | Age | Castle Age |
| 18:59 | Build | Town Center |
| 19:09 | Build | House |
| 19:13 | Build | House |
| 19:15 | Build | House |
| 19:17 | Create | Villager (Male) |
| 19:47 | Build | Farm |
| 19:48 | Create | Villager (Male) |
| 19:53 | Build | Town Center |
| 19:59 | Create | Villager (Male) |
| 20:19 | Build | Farm |
| 20:24 | Create | Villager (Male) |
| 20:34 | Create | Villager (Male) |
| 20:48 | Build | Farm |
| 20:50 | Build | Farm |
| 20:53 | Build | Farm |
| 21:01 | Build | Farm |
| 21:05 | Create | Villager (Male) |
| 21:06 | Create | Villager (Male) |
| 21:14 | Build | Farm |
| 21:17 | Create | Villager (Male) |
| 21:32 | Create | Fire Lancer |
| 21:35 | Create | Fire Lancer |
| 21:38 | Build | Farm |
| 21:46 | Create | Villager (Male) |
| 21:53 | Build | Farm |
| 22:04 | Build | Farm |
| 22:10 | Create | Villager (Male) |
| 22:15 | Build | Farm |
| 22:27 | Create | Villager (Male) |
| 22:27 | Create | Villager (Male) |
| 22:33 | Create | Villager (Male) |
| 22:33 | Create | Villager (Male) |
| 22:33 | Create | Villager (Male) |
| 22:35 | Create | Villager (Male) |
| 22:57 | Build | Castle |
| 23:02 | Build | Farm |
| 23:05 | Create | Villager (Male) |
| 23:06 | Create | Villager (Male) |
| 23:21 | Build | Farm |
| 23:29 | Create | Villager (Male) |
| 23:30 | Create | Villager (Male) |
| 23:33 | Build | Farm |
| 23:49 | Create | Villager (Male) |
| 23:54 | Build | Farm |
| 24:00 | Build | Town Center |
| 24:04 | Build | Farm |
| 24:08 | Research | Gold Mining |
| 24:14 | Build | Farm |
| 24:26 | Create | Villager (Male) |
| 24:34 | Create | Villager (Male) |
| 24:40 | Create | Villager (Male) |
| 24:40 | Create | Villager (Male) |
| 24:54 | Build | House |
| 24:58 | Create | Villager (Male) |
| 25:11 | Build | Farm |
| 25:14 | Create | Villager (Male) |
| 25:36 | Build | Town Center |
| 25:39 | Create | Villager (Male) |
| 25:44 | Build | Lumber Camp |
| 25:48 | Create | Villager (Male) |
| 25:50 | Create | Villager (Male) |
| 26:00 | Create | Villager (Male) |
| 26:00 | Create | Villager (Male) |
| 26:00 | Create | Villager (Male) |
| 26:00 | Create | Villager (Male) |
| 26:05 | Build | House |
| 26:12 | Create | Villager (Male) |
| 26:12 | Create | Villager (Male) |
| 26:20 | Build | Farm |
| 26:25 | Create | Villager (Male) |
| 26:29 | Create | Villager (Male) |
| 26:36 | Build | Siege Workshop |
| 26:48 | Build | Farm |
| 26:49 | Create | Villager (Male) |
| 26:55 | Create | Villager (Male) |
| 27:13 | Build | Farm |
| 27:16 | Build | Farm |
| 27:25 | Create | Villager (Male) |
| 27:25 | Create | Villager (Male) |
| 27:32 | Create | Villager (Male) |
| 27:35 | Build | Farm |
| 27:36 | Create | Villager (Male) |
| 27:40 | Create | Villager (Male) |
| 27:42 | Create | Villager (Male) |
| 27:51 | Create | Villager (Male) |
| 27:55 | Create | Iron Pagoda |
| 28:00 | Build | Farm |
| 28:02 | Create | Villager (Male) |
| 28:07 | Build | Barracks |
Build order — poolio_eglasias
First 150 of 648 actions detected
| 0:44 | Build | Town Center |
| 1:43 | Build | House |
| 1:44 | Build | House |
| 1:45 | Build | House |
| 1:46 | Build | House |
| 3:38 | Create | Villager (Male) |
| 3:38 | Create | Villager (Male) |
| 3:38 | Create | Villager (Male) |
| 3:38 | Create | Villager (Male) |
| 3:39 | Create | Villager (Male) |
| 5:38 | Create | Villager (Male) |
| 6:16 | Create | Villager (Male) |
| 6:53 | Create | Villager (Male) |
| 6:54 | Create | Villager (Male) |
| 7:18 | Build | Mill |
| 7:47 | Create | Villager (Male) |
| 7:47 | Create | Villager (Male) |
| 7:47 | Create | Villager (Male) |
| 8:19 | Create | Villager (Male) |
| 8:19 | Create | Villager (Male) |
| 8:19 | Create | Villager (Male) |
| 8:45 | Create | Villager (Male) |
| 8:46 | Create | Villager (Male) |
| 9:40 | Create | Villager (Male) |
| 10:04 | Build | Lumber Camp |
| 10:11 | Create | Villager (Male) |
| 10:56 | Create | Villager (Male) |
| 11:06 | Create | Villager (Male) |
| 11:21 | Create | Villager (Male) |
| 11:50 | Build | Mining Camp |
| 12:44 | Build | Barracks |
| 13:45 | Research | Feudal Age |
| 15:55 | Age | Feudal Age |
| 16:04 | Build | Mill |
| 16:29 | Build | Archery Range |
| 16:33 | Build | Stable |
| 18:40 | Build | House |
| 18:43 | Build | House |
| 18:45 | Build | House |
| 18:47 | Build | House |
| 20:11 | Research | Castle Age |
| 20:21 | Build | Farm |
| 20:25 | Build | Farm |
| 20:26 | Build | Farm |
| 20:28 | Build | Farm |
| 20:29 | Build | Farm |
| 20:31 | Build | Farm |
| 20:33 | Build | Farm |
| 20:35 | Build | Farm |
| 20:36 | Build | Farm |
| 20:39 | Build | Farm |
| 20:52 | Build | Blacksmith |
| 22:26 | Research | Double-Bit Axe |
| 22:29 | Research | Horse Collar |
| 22:51 | Age | Castle Age |
| 22:58 | Build | Town Center |
| 23:09 | Create | Villager (Male) |
| 23:09 | Create | Villager (Male) |
| 23:09 | Create | Villager (Male) |
| 23:09 | Create | Villager (Male) |
| 23:10 | Create | Villager (Male) |
| 23:10 | Create | Villager (Male) |
| 23:10 | Create | Villager (Male) |
| 23:11 | Create | Villager (Male) |
| 23:56 | Create | Villager (Male) |
| 23:56 | Create | Villager (Male) |
| 23:56 | Create | Villager (Male) |
| 23:57 | Create | Villager (Male) |
| 23:57 | Create | Villager (Male) |
| 23:57 | Create | Villager (Male) |
| 23:58 | Create | Villager (Male) |
| 24:11 | Create | Scout Cavalry |
| 24:35 | Build | Farm |
| 24:53 | Create | Villager (Male) |
| 24:53 | Create | Villager (Male) |
| 24:54 | Create | Villager (Male) |
| 24:54 | Create | Villager (Male) |
| 25:01 | Build | Farm |
| 25:12 | Create | Villager (Male) |
| 25:23 | Build | Farm |
| 25:32 | Create | Villager (Male) |
| 25:45 | Build | Farm |
| 25:55 | Create | Villager (Male) |
| 25:56 | Create | Villager (Male) |
| 25:56 | Create | Villager (Male) |
| 26:03 | Create | Villager (Male) |
| 26:31 | Build | House |
| 26:32 | Build | House |
| 26:34 | Build | House |
| 26:35 | Build | House |
| 26:35 | Build | House |
| 26:37 | Build | House |
| 26:38 | Build | House |
| 26:39 | Build | House |
| 26:40 | Build | House |
| 26:46 | Build | Farm |
| 26:52 | Create | Villager (Male) |
| 26:53 | Create | Villager (Male) |
| 26:56 | Create | Villager (Male) |
| 26:56 | Create | Villager (Male) |
| 27:08 | Build | Farm |
| 27:17 | Create | Villager (Male) |
| 27:17 | Create | Villager (Male) |
| 27:42 | Build | Castle |
| 27:53 | Build | Farm |
| 28:17 | Build | Farm |
| 28:26 | Build | Monastery |
| 28:32 | Build | University |
| 28:44 | Build | Farm |
| 28:56 | Build | Farm |
| 29:08 | Create | Villager (Male) |
| 29:08 | Create | Villager (Male) |
| 29:10 | Research | Wheelbarrow |
| 29:14 | Create | Villager (Male) |
| 29:14 | Create | Villager (Male) |
| 29:14 | Create | Villager (Male) |
| 29:14 | Create | Villager (Male) |
| 29:15 | Create | Villager (Male) |
| 29:31 | Create | Monk |
| 29:36 | Research | Scale Barding Armor |
| 29:38 | Research | Fletching |
| 29:43 | Create | Boyar |
| 29:54 | Build | Farm |
| 30:00 | Create | Villager (Male) |
| 30:10 | Research | Heavy Plow |
| 30:31 | Build | Farm |
| 30:41 | Research | Stone Mining |
| 30:42 | Research | Gold Mining |
| 30:48 | Create | Boyar |
| 30:48 | Create | Boyar |
| 31:17 | Build | Farm |
| 31:23 | Create | Villager (Male) |
| 31:23 | Create | Villager (Male) |
| 31:23 | Create | Villager (Male) |
| 31:29 | Research | Pikeman (upgrade) |
| 31:34 | Create | Boyar |
| 31:35 | Create | Boyar |
| 32:00 | Build | Farm |
| 32:11 | Create | Boyar |
| 32:11 | Create | Boyar |
| 32:12 | Create | Boyar |
| 32:12 | Create | Boyar |
| 32:12 | Create | Boyar |
| 32:12 | Create | Boyar |
| 32:28 | Build | House |
| 32:29 | Build | House |
| 32:30 | Build | House |
| 32:33 | Build | House |
| 32:45 | Build | Farm |
| 32:51 | Build | Farm |
Build order — Koalajoey
First 150 of 579 actions detected
| 0:10 | Build | Town Center |
| 1:22 | Build | House |
| 2:24 | Create | Villager (Male) |
| 2:25 | Create | Villager (Male) |
| 2:25 | Create | Villager (Male) |
| 2:29 | Create | Villager (Male) |
| 3:49 | Create | Villager (Male) |
| 4:06 | Build | House |
| 4:29 | Create | Villager (Male) |
| 4:30 | Create | Villager (Male) |
| 4:42 | Build | Palisade Wall |
| 4:45 | Build | Palisade Wall |
| 4:48 | Build | Palisade Wall |
| 4:52 | Create | Villager (Male) |
| 5:05 | Build | Palisade Wall |
| 5:07 | Build | Palisade Wall |
| 5:16 | Create | Villager (Male) |
| 5:16 | Create | Villager (Male) |
| 5:47 | Create | Villager (Male) |
| 5:49 | Build | Mill |
| 5:57 | Create | Villager (Male) |
| 6:22 | Build | House |
| 6:33 | Create | Villager (Male) |
| 6:40 | Build | Palisade Wall |
| 6:51 | Build | Palisade Wall |
| 7:14 | Create | Villager (Male) |
| 7:26 | Create | Villager (Male) |
| 7:46 | Create | Villager (Male) |
| 7:53 | Create | Villager (Male) |
| 7:59 | Create | Villager (Male) |
| 8:50 | Build | House |
| 9:10 | Create | Villager (Male) |
| 9:28 | Build | Mill |
| 9:30 | Create | Villager (Male) |
| 9:34 | Build | Palisade Wall |
| 9:40 | Build | Palisade Wall |
| 9:51 | Build | Palisade Wall |
| 10:01 | Create | Villager (Male) |
| 10:15 | Create | Villager (Male) |
| 10:19 | Create | Villager (Male) |
| 10:37 | Build | Mining Camp |
| 11:07 | Research | Feudal Age |
| 11:34 | Build | Mill |
| 13:20 | Age | Feudal Age |
| 13:21 | Create | Villager (Male) |
| 13:29 | Build | Blacksmith |
| 13:30 | Create | Villager (Male) |
| 13:38 | Build | Market |
| 13:49 | Research | Loom |
| 14:33 | Build | Mill |
| 14:41 | Research | Castle Age |
| 14:41 | Research | Castle Age |
| 15:19 | Research | Horse Collar |
| 15:27 | Build | Lumber Camp |
| 16:00 | Research | Double-Bit Axe |
| 16:17 | Build | House |
| 17:11 | Create | Villager (Male) |
| 17:20 | Create | Villager (Male) |
| 17:21 | Age | Castle Age |
| 17:27 | Build | Town Center |
| 17:30 | Create | Villager (Male) |
| 17:48 | Build | Lumber Camp |
| 17:49 | Create | Villager (Male) |
| 17:58 | Create | Villager (Male) |
| 18:23 | Build | Town Center |
| 18:23 | Create | Villager (Male) |
| 18:37 | Create | Villager (Male) |
| 18:42 | Build | House |
| 18:43 | Build | House |
| 18:57 | Create | Villager (Male) |
| 19:03 | Create | Villager (Male) |
| 19:03 | Create | Villager (Male) |
| 19:19 | Build | Farm |
| 19:25 | Create | Villager (Male) |
| 19:31 | Build | Farm |
| 19:32 | Research | Heavy Plow |
| 19:37 | Create | Villager (Male) |
| 19:41 | Create | Villager (Male) |
| 19:41 | Create | Villager (Male) |
| 19:53 | Create | Villager (Male) |
| 19:59 | Create | Villager (Male) |
| 20:04 | Build | Farm |
| 20:08 | Build | Farm |
| 20:09 | Build | Farm |
| 20:22 | Create | Villager (Male) |
| 20:26 | Build | Farm |
| 20:34 | Build | Farm |
| 20:37 | Build | Farm |
| 20:39 | Build | Farm |
| 20:43 | Build | Farm |
| 20:48 | Create | Villager (Male) |
| 20:50 | Build | Farm |
| 20:56 | Create | Villager (Male) |
| 20:58 | Build | Farm |
| 21:05 | Build | Farm |
| 21:09 | Build | Farm |
| 21:12 | Build | Farm |
| 21:17 | Build | Farm |
| 21:19 | Create | Villager (Male) |
| 21:19 | Create | Villager (Male) |
| 21:23 | Create | Villager (Male) |
| 21:33 | Build | Farm |
| 21:46 | Create | Villager (Male) |
| 21:46 | Create | Villager (Male) |
| 21:52 | Build | Farm |
| 21:55 | Build | Farm |
| 21:57 | Create | Villager (Male) |
| 21:57 | Create | Villager (Male) |
| 22:00 | Build | Farm |
| 22:06 | Create | Villager (Male) |
| 22:08 | Build | Farm |
| 22:10 | Create | Villager (Male) |
| 22:15 | Build | Barracks |
| 22:19 | Build | Farm |
| 22:28 | Create | Villager (Male) |
| 22:31 | Build | Farm |
| 22:33 | Build | House |
| 22:34 | Build | House |
| 22:35 | Build | House |
| 22:37 | Create | Villager (Male) |
| 22:43 | Create | Villager (Male) |
| 22:59 | Create | Villager (Male) |
| 22:59 | Create | Villager (Male) |
| 23:02 | Build | Archery Range |
| 23:11 | Create | Villager (Male) |
| 23:14 | Build | Farm |
| 23:15 | Create | Villager (Male) |
| 23:16 | Create | Villager (Male) |
| 23:27 | Build | Monastery |
| 23:30 | Create | Villager (Male) |
| 23:32 | Create | Villager (Male) |
| 23:37 | Build | Farm |
| 23:42 | Build | Palisade Wall |
| 23:45 | Create | Villager (Male) |
| 23:48 | Build | Archery Range |
| 23:49 | Create | Villager (Male) |
| 23:51 | Create | Cavalry Archer |
| 23:51 | Create | Cavalry Archer |
| 23:55 | Create | Villager (Male) |
| 23:55 | Create | Villager (Male) |
| 24:03 | Build | House |
| 24:08 | Build | House |
| 24:12 | Create | Villager (Male) |
| 24:20 | Create | Villager (Male) |
| 24:25 | Build | Mining Camp |
| 24:28 | Create | Villager (Male) |
| 24:30 | Research | Fletching |
| 24:32 | Build | Farm |
| 24:33 | Create | Villager (Male) |
| 24:45 | Create | Cavalry Archer |
Build order — 一般般
First 150 of 1046 actions detected
| 0:38 | Build | Town Center |
| 2:26 | Build | House |
| 2:37 | Create | Villager (Male) |
| 2:38 | Create | Villager (Male) |
| 2:38 | Create | Villager (Male) |
| 2:38 | Create | Villager (Male) |
| 2:38 | Create | Villager (Male) |
| 4:12 | Create | Villager (Male) |
| 4:21 | Build | House |
| 4:35 | Create | Villager (Male) |
| 4:57 | Create | Villager (Male) |
| 5:23 | Create | Villager (Male) |
| 5:50 | Create | Villager (Male) |
| 6:20 | Create | Villager (Male) |
| 6:31 | Build | House |
| 6:35 | Build | House |
| 6:46 | Build | House |
| 6:51 | Create | Villager (Male) |
| 6:52 | Build | House |
| 7:04 | Build | House |
| 7:05 | Create | Villager (Male) |
| 7:28 | Create | Villager (Male) |
| 7:52 | Create | Villager (Male) |
| 7:53 | Create | Villager (Male) |
| 8:29 | Build | Mill |
| 8:39 | Create | Villager (Male) |
| 8:39 | Create | Villager (Male) |
| 8:40 | Create | Villager (Male) |
| 8:40 | Create | Villager (Male) |
| 9:00 | Build | House |
| 9:10 | Build | House |
| 9:17 | Create | Villager (Male) |
| 9:30 | Build | House |
| 9:54 | Create | Villager (Male) |
| 10:20 | Build | Mining Camp |
| 10:40 | Create | Villager (Male) |
| 10:43 | Research | Loom |
| 11:36 | Research | Feudal Age |
| 11:52 | Build | Lumber Camp |
| 12:03 | Build | House |
| 12:36 | Create | Villager (Male) |
| 12:36 | Create | Villager (Male) |
| 13:27 | Build | Mill |
| 14:02 | Age | Feudal Age |
| 14:03 | Build | Blacksmith |
| 14:06 | Build | Market |
| 14:09 | Build | Palisade Wall |
| 14:47 | Research | Double-Bit Axe |
| 14:50 | Research | Castle Age |
| 14:50 | Research | Castle Age |
| 14:58 | Build | House |
| 15:04 | Research | Horse Collar |
| 15:32 | Build | Farm |
| 15:38 | Build | Farm |
| 15:43 | Build | Farm |
| 15:49 | Create | Villager (Male) |
| 15:59 | Build | Farm |
| 17:25 | Create | Villager (Male) |
| 17:32 | Age | Castle Age |
| 17:34 | Build | Town Center |
| 17:38 | Create | Villager (Male) |
| 17:41 | Build | Town Center |
| 17:44 | Research | Bow Saw |
| 17:55 | Build | Farm |
| 17:57 | Create | Villager (Male) |
| 18:13 | Build | Farm |
| 18:20 | Build | Farm |
| 18:23 | Create | Villager (Male) |
| 18:36 | Build | House |
| 18:37 | Build | House |
| 18:49 | Research | Heavy Plow |
| 18:49 | Research | Heavy Plow |
| 18:55 | Create | Villager (Male) |
| 18:58 | Create | Villager (Male) |
| 19:13 | Create | Villager (Male) |
| 19:19 | Create | Villager (Male) |
| 19:26 | Create | Villager (Male) |
| 19:30 | Create | Villager (Male) |
| 19:34 | Build | Farm |
| 19:36 | Build | Farm |
| 19:39 | Build | Farm |
| 19:47 | Research | Wheelbarrow |
| 19:48 | Create | Villager (Male) |
| 19:49 | Create | Villager (Male) |
| 19:58 | Build | Farm |
| 20:00 | Build | Farm |
| 20:02 | Build | House |
| 20:09 | Build | House |
| 20:12 | Build | Farm |
| 20:13 | Build | Farm |
| 20:20 | Create | Villager (Male) |
| 20:22 | Create | Villager (Male) |
| 20:28 | Build | Farm |
| 20:34 | Build | Farm |
| 20:41 | Build | Farm |
| 20:43 | Create | Villager (Male) |
| 20:44 | Create | Villager (Male) |
| 20:48 | Build | House |
| 20:51 | Create | Villager (Male) |
| 20:56 | Build | Farm |
| 21:01 | Build | Farm |
| 21:03 | Create | Villager (Male) |
| 21:04 | Create | Villager (Male) |
| 21:10 | Build | House |
| 21:11 | Build | House |
| 21:19 | Build | Farm |
| 21:26 | Create | Villager (Male) |
| 21:27 | Create | Villager (Male) |
| 21:46 | Create | Villager (Male) |
| 21:46 | Create | Villager (Male) |
| 21:46 | Create | Villager (Male) |
| 21:54 | Build | Town Center |
| 22:02 | Build | Lumber Camp |
| 22:05 | Create | Villager (Male) |
| 22:06 | Create | Villager (Male) |
| 22:10 | Build | Farm |
| 22:21 | Build | Farm |
| 22:23 | Create | Villager (Male) |
| 22:24 | Create | Villager (Male) |
| 22:26 | Build | House |
| 22:27 | Build | House |
| 22:31 | Research | Gold Mining |
| 22:31 | Research | Gold Mining |
| 22:35 | Create | Villager (Male) |
| 22:44 | Create | Villager (Male) |
| 22:45 | Create | Villager (Male) |
| 22:51 | Build | Farm |
| 23:02 | Create | Villager (Male) |
| 23:07 | Build | Farm |
| 23:10 | Build | Farm |
| 23:14 | Create | Villager (Male) |
| 23:17 | Build | Farm |
| 23:18 | Build | Farm |
| 23:21 | Create | Villager (Male) |
| 23:23 | Build | House |
| 23:25 | Build | House |
| 23:26 | Build | House |
| 23:28 | Create | Villager (Male) |
| 23:32 | Build | Farm |
| 23:33 | Create | Villager (Male) |
| 23:33 | Create | Villager (Male) |
| 23:41 | Build | Barracks |
| 23:43 | Create | Villager (Male) |
| 23:44 | Create | Villager (Male) |
| 23:44 | Create | Villager (Male) |
| 23:44 | Create | Villager (Male) |
| 23:48 | Build | Farm |
| 23:49 | Build | Farm |
| 23:51 | Build | Farm |
| 24:02 | Create | Villager (Male) |
Build order — 12ww
First 150 of 360 actions detected
| 0:13 | Build | Town Center |
| 2:10 | Build | House |
| 2:53 | Create | Villager (Male) |
| 2:53 | Create | Villager (Male) |
| 2:53 | Create | Villager (Male) |
| 2:53 | Create | Villager (Male) |
| 5:15 | Create | Villager (Male) |
| 6:05 | Create | Villager (Male) |
| 6:21 | Build | House |
| 6:45 | Create | Villager (Male) |
| 6:46 | Create | Villager (Male) |
| 6:46 | Create | Villager (Male) |
| 6:46 | Create | Villager (Male) |
| 7:40 | Build | Lumber Camp |
| 7:59 | Build | Mill |
| 8:06 | Create | Villager (Male) |
| 8:06 | Create | Villager (Male) |
| 8:42 | Build | House |
| 8:47 | Create | Villager (Male) |
| 8:48 | Create | Villager (Male) |
| 8:48 | Create | Villager (Male) |
| 8:48 | Create | Villager (Male) |
| 9:10 | Build | Farm |
| 10:20 | Build | House |
| 11:26 | Research | Feudal Age |
| 11:49 | Build | Mining Camp |
| 12:04 | Create | Villager (Male) |
| 12:25 | Build | Farm |
| 12:38 | Build | Farm |
| 12:43 | Build | Farm |
| 13:36 | Age | Feudal Age |
| 13:38 | Build | Farm |
| 13:44 | Create | Villager (Male) |
| 13:44 | Create | Villager (Male) |
| 13:44 | Create | Villager (Male) |
| 13:45 | Create | Villager (Male) |
| 13:58 | Build | Farm |
| 14:27 | Build | Outpost |
| 15:14 | Build | House |
| 15:17 | Build | House |
| 15:20 | Build | House |
| 15:27 | Create | Villager (Male) |
| 15:28 | Create | Villager (Male) |
| 15:29 | Create | Villager (Male) |
| 15:47 | Build | Barracks |
| 16:20 | Build | Mining Camp |
| 16:47 | Build | Farm |
| 17:08 | Build | Outpost |
| 17:30 | Create | Villager (Male) |
| 17:30 | Create | Villager (Male) |
| 17:31 | Create | Villager (Male) |
| 17:31 | Create | Villager (Male) |
| 17:46 | Build | Archery Range |
| 18:22 | Build | Watch Tower |
| 18:48 | Create | Archer |
| 18:48 | Create | Archer |
| 18:48 | Create | Archer |
| 18:48 | Create | Archer |
| 18:49 | Create | Archer |
| 18:49 | Create | Archer |
| 18:49 | Create | Archer |
| 18:49 | Create | Archer |
| 18:50 | Create | Archer |
| 19:11 | Build | Farm |
| 19:16 | Create | Villager (Male) |
| 19:16 | Create | Villager (Male) |
| 19:17 | Create | Villager (Male) |
| 19:17 | Create | Villager (Male) |
| 19:29 | Build | Farm |
| 20:13 | Build | Watch Tower |
| 21:48 | Build | House |
| 21:49 | Build | House |
| 21:52 | Build | House |
| 21:54 | Build | House |
| 22:16 | Create | Villager (Male) |
| 22:16 | Create | Villager (Male) |
| 23:38 | Create | Villager (Male) |
| 23:40 | Create | Villager (Male) |
| 23:58 | Build | Stable |
| 25:03 | Research | Castle Age |
| 26:02 | Build | Mining Camp |
| 26:49 | Create | Villager (Male) |
| 26:49 | Create | Villager (Male) |
| 26:49 | Create | Villager (Male) |
| 26:50 | Create | Villager (Male) |
| 26:50 | Create | Villager (Male) |
| 27:43 | Age | Castle Age |
| 27:45 | Build | Mining Camp |
| 28:04 | Create | Villager (Male) |
| 28:05 | Create | Villager (Male) |
| 28:05 | Create | Villager (Male) |
| 28:25 | Build | Castle |
| 28:32 | Research | Elite Skirmisher (upgrade) |
| 28:34 | Create | Skirmisher |
| 28:34 | Create | Skirmisher |
| 28:34 | Create | Skirmisher |
| 28:34 | Create | Skirmisher |
| 28:35 | Create | Skirmisher |
| 28:35 | Create | Skirmisher |
| 28:35 | Create | Skirmisher |
| 28:36 | Create | Skirmisher |
| 28:36 | Create | Skirmisher |
| 28:36 | Create | Skirmisher |
| 28:36 | Create | Skirmisher |
| 28:37 | Create | Skirmisher |
| 28:37 | Create | Skirmisher |
| 29:08 | Create | Knight |
| 29:08 | Create | Knight |
| 29:08 | Create | Knight |
| 29:09 | Create | Knight |
| 30:15 | Build | Lumber Camp |
| 30:23 | Build | Mining Camp |
| 31:23 | Create | Villager (Male) |
| 31:23 | Create | Villager (Male) |
| 31:23 | Create | Villager (Male) |
| 31:23 | Create | Villager (Male) |
| 31:24 | Create | Villager (Male) |
| 31:42 | Build | Town Center |
| 32:42 | Create | Gbeto |
| 32:42 | Create | Gbeto |
| 32:43 | Create | Gbeto |
| 32:43 | Create | Gbeto |
| 32:43 | Create | Gbeto |
| 32:43 | Create | Gbeto |
| 32:44 | Create | Gbeto |
| 32:44 | Create | Gbeto |
| 33:07 | Build | Farm |
| 33:15 | Build | Farm |
| 33:20 | Build | Farm |
| 33:30 | Build | Farm |
| 33:47 | Build | Mining Camp |
| 34:12 | Build | Castle |
| 34:24 | Research | Man-at-Arms (upgrade) |
| 34:25 | Create | Militia |
| 34:25 | Create | Militia |
| 34:26 | Create | Militia |
| 34:26 | Create | Militia |
| 34:26 | Create | Militia |
| 34:40 | Build | House |
| 34:42 | Build | House |
| 34:44 | Build | House |
| 34:47 | Build | House |
| 34:48 | Build | House |
| 34:55 | Create | Villager (Male) |
| 34:55 | Create | Villager (Male) |
| 34:56 | Create | Villager (Male) |
| 34:56 | Create | Villager (Male) |
| 37:18 | Create | Gbeto |
| 37:18 | Create | Gbeto |
| 37:19 | Create | Gbeto |
Match timeline
| 4:42 | Koalajoey · wall_segment Palisade Wall x1 |
| 4:45 | Koalajoey · wall_segment Palisade Wall x1 |
| 4:48 | Koalajoey · wall_segment Palisade Wall x1 |
| 5:05 | Koalajoey · wall_segment Palisade Wall x1 |
| 5:07 | Koalajoey · wall_segment Palisade Wall x1 |
| 6:40 | Koalajoey · wall_segment Palisade Wall x1 |
| 6:51 | Koalajoey · wall_segment Palisade Wall x1 |
| 8:29 | VN-Uniky · wall_segment Palisade Wall x11 |
| 9:34 | Koalajoey · wall_segment Palisade Wall x1 |
| 9:40 | Koalajoey · wall_segment Palisade Wall x1 |
| 9:51 | Koalajoey · wall_segment Palisade Wall x1 |
| 10:50 | VN-Uniky · wall_segment Palisade Wall x4 |
| 12:29 | VN-Uniky · wall_segment Palisade Wall x9 |
| 12:44 | poolio_eglasias · first_building Barracks |
| 13:20 | Koalajoey · age_up feudal |
| 13:33 | 沉默的石頭 · first_building Barracks |
| 13:36 | 12ww · age_up feudal |
| 14:02 | 一般般 · age_up feudal |
| 14:09 | 一般般 · wall_segment Palisade Wall x1 |
| 14:23 | 沉默的石頭 · age_up feudal |
| 14:23 | VN-Uniky · first_building Barracks |
| 14:35 | Rido · age_up feudal |
| 14:37 | VN-Uniky · age_up feudal |
| 15:29 | 沉默的石頭 · wall_segment Stone Wall x8 |
| 15:43 | 沉默的石頭 · first_building Stable |
| 15:47 | 12ww · first_building Barracks |
| 15:51 | SuBZero · age_up feudal |
| 15:55 | poolio_eglasias · age_up feudal |
| 16:21 | 沉默的石頭 · wall_segment Stone Wall x1 |
| 16:23 | 沉默的石頭 · wall_segment Stone Wall x2 |
| 16:29 | poolio_eglasias · first_building Archery Range |
| 16:33 | poolio_eglasias · first_building Stable |
| 16:48 | 一般般 · first_market_buy 100 food |
| 17:07 | 沉默的石頭 · wall_segment Stone Wall x7 |
| 17:15 | 沉默的石頭 · wall_segment Stone Wall x5 |
| 17:21 | Koalajoey · age_up castle |
| 17:32 | 一般般 · age_up castle |
| 17:46 | 12ww · first_building Archery Range |
| 18:40 | SuBZero · wall_segment Palisade Wall x14 |
| 18:48 | 沉默的石頭 · wall_segment Stone Wall x2 |
| 18:54 | VN-Uniky · age_up castle |
| 19:22 | 沉默的石頭 · age_up castle |
| 19:24 | SuBZero · wall_segment Palisade Wall x12 |
| 19:44 | SuBZero · wall_segment Palisade Wall x10 |
| 19:44 | Koalajoey · first_market_buy 100 food |
| 19:45 | SuBZero · age_up castle |
| 19:52 | 沉默的石頭 · wall_segment Stone Wall x6 |
| 20:16 | VN-Uniky · first_market_buy 100 food |
| 21:44 | Rido · first_building Barracks |
| 21:55 | 沉默的石頭 · wall_segment Stone Wall x6 |
| 22:09 | 沉默的石頭 · wall_segment Stone Wall x5 |
| 22:15 | Koalajoey · first_building Barracks |
| 22:22 | Rido · first_building Stable |
| 22:33 | Rido · wall_segment Stone Wall x2 |
| 22:51 | poolio_eglasias · age_up castle |
| 22:57 | VN-Uniky · first_building Castle |
| 23:02 | Koalajoey · first_building Archery Range |
| 23:19 | Rido · first_building Archery Range |
| 23:23 | 沉默的石頭 · wall_segment Stone Wall x3 |
| 23:27 | Koalajoey · first_building Monastery |
| 23:30 | 沉默的石頭 · wall_segment Stone Wall x1 |
| 23:41 | 一般般 · first_building Barracks |
| 23:42 | Koalajoey · wall_segment Palisade Wall x7 |
| 23:58 | 12ww · first_building Stable |
| 24:09 | 一般般 · first_building Monastery |
| 24:39 | 一般般 · first_building Siege Workshop |
| 24:44 | Koalajoey · first_market_sell 100 wood |
| 25:47 | 沉默的石頭 · wall_segment Stone Wall x1 |
| 25:48 | Rido · age_up castle |
| 26:36 | VN-Uniky · first_building Siege Workshop |
| 27:20 | Koalajoey · first_building Stable |
| 27:37 | SuBZero · first_market_buy 100 stone |
| 27:42 | poolio_eglasias · first_building Castle |
| 27:43 | 12ww · age_up castle |
| 28:14 | 一般般 · first_building Castle |
| 28:25 | 12ww · first_building Castle |
| 28:26 | poolio_eglasias · first_building Monastery |
| 28:41 | 沉默的石頭 · first_building Castle |
| 29:13 | Rido · first_building Monastery |
| 30:43 | Rido · wall_segment Stone Wall x2 |
| 30:51 | 一般般 · wall_segment Stone Wall x9 |
| 30:59 | 沉默的石頭 · first_building Archery Range |
| 31:00 | 一般般 · age_up imperial |
| 31:00 | 一般般 · wall_segment Stone Wall x8 |
| 31:52 | SuBZero · first_building Monastery |
| 31:54 | Koalajoey · first_building Siege Workshop |
| 32:05 | Koalajoey · wall_segment Stone Wall x6 |
| 32:08 | VN-Uniky · wall_segment Stone Wall x7 |
| 32:12 | 一般般 · wall_segment Stone Wall x13 |
| 32:26 | 一般般 · wall_segment Stone Wall x6 |
| 32:35 | VN-Uniky · wall_segment Stone Wall x7 |
| 32:39 | VN-Uniky · wall_segment Stone Wall x2 |
| 32:52 | VN-Uniky · wall_segment Stone Wall x2 |
| 33:07 | VN-Uniky · wall_segment Stone Wall x1 |
| 33:31 | SuBZero · first_building Barracks |
| 34:04 | SuBZero · wall_segment Stone Wall x10 |
| 34:14 | SuBZero · wall_segment Stone Wall x11 |
| 34:21 | Koalajoey · age_up imperial |
| 34:38 | SuBZero · wall_segment Stone Wall x6 |
| 34:41 | SuBZero · wall_segment Stone Wall x3 |
| 35:08 | SuBZero · first_building Archery Range |
| 35:30 | Rido · first_building Castle |
| 35:34 | SuBZero · first_building Castle |
| 35:53 | SuBZero · age_up imperial |
| 36:18 | 沉默的石頭 · wall_segment Stone Wall x3 |
| 36:29 | VN-Uniky · age_up imperial |
| 36:39 | 沉默的石頭 · wall_segment Stone Wall x4 |
| 36:49 | Rido · first_building Siege Workshop |
| 37:00 | 沉默的石頭 · age_up imperial |
| 38:22 | 一般般 · wall_segment Stone Wall x11 |
| 39:15 | 一般般 · tribute_sent a jugador 1 |
| 39:15 | 一般般 · tribute_sent a jugador 2 |
| 39:15 | 一般般 · tribute_sent a jugador 3 |
| 39:15 | 一般般 · tribute_sent a jugador 4 |
| 39:15 | 一般般 · tribute_sent a jugador 5 |
| 39:15 | 一般般 · tribute_sent a jugador 6 |
| 39:15 | 一般般 · tribute_sent a jugador 8 |
| 40:43 | Rido · wall_segment Stone Wall x10 |
| 41:00 | Rido · age_up imperial |
| 41:20 | poolio_eglasias · first_market_sell 100 wood |
| 43:37 | 12ww · first_building Monastery |
| 43:38 | poolio_eglasias · age_up imperial |
| 44:30 | SuBZero · first_building Siege Workshop |
| 47:05 | Rido · wall_segment Stone Wall x6 |
| 47:44 | 12ww · first_building Siege Workshop |
| 48:44 | Rido · wall_segment Stone Wall x20 |
| 51:47 | SuBZero · first_market_sell 500 food |
| 52:13 | Rido · wall_segment Stone Wall x11 |
| 53:07 | 沉默的石頭 · wall_segment Stone Wall x3 |
| 54:33 | SuBZero · first_building Stable |
| 55:52 | SuBZero · wall_segment Stone Wall x18 |
| 55:58 | Koalajoey · wall_segment Stone Wall x4 |
| 56:00 | Koalajoey · wall_segment Stone Wall x9 |
| 56:04 | SuBZero · wall_segment Stone Wall x11 |
| 56:38 | Koalajoey · wall_segment Stone Wall x1 |
| 56:50 | Koalajoey · first_building Castle |
| 60:34 | 12ww · age_up imperial |
| 64:33 | SuBZero · resign |
| 66:00 | Rido · first_market_sell 500 food |
| 66:04 | 一般般 · first_market_sell 500 food |
[ AI ANALYSIS · 1 CREDIT ]
What really happened in this match?
Wolo.gg analyzes every decision: build order, eco, micro, common mistakes by bracket. Personalized analysis on WhatsApp or Discord in 30 seconds.
Civ guide
Italians
Perfil
Jugador #23453146